 Dungeon Crawl Stone Soup version 0.28-a0-1159-g27aa881441 (webtiles) character file.

Game seed: 16534279819068347547

772 patchburns1 the Skirmisher (level 7, -8/61 HPs)
             Began as a Hill Orc Fighter on Dec 15, 2021.
             Killed from afar by a goblin (21 damage)
             ... with a bolt of acid
             ... on level 4 of the Dungeon.
             The game lasted 00:21:50 (4842 turns).

patchburns1 the Skirmisher (Hill Orc Fighter)       Turns: 4842, Time: 00:21:51

Health: -8/61      AC: 11    Str: 21    XL:     7   Next: 83%
Magic:  10/10      EV:  8    Int:  8    God:
Gold:   226        SH:  4    Dex: 10    Spells: 6/6 levels left

rFire   . . .      SeeInvis .   a - +0 war axe (spect)
rCold   . . .      Faith    .   c - +0 buckler
rNeg    . . .      Spirit   .   w - +0 chain mail
rPois   .          Reflect  .   (no helmet)
rElec   .          Harm     .   m - +0 cloak
rCorr   .          Rampage  .   (no gloves)
Will    .....                   (no boots)
Stlth   ..........              (no amulet)
HPRegen 0.20/turn               (no ring)
MPRegen 0.12/turn               (no ring)

@: no status effects
A: no striking features
a: no special abilities


You were on level 4 of the Dungeon.
You visited 1 branch of the dungeon, and saw 4 of its levels.
You also visited: Sewer.

You collected 226 gold pieces.

Inventory:

Hand Weapons
 a - a +0 spectral war axe (weapon)
 f - a +2 short sword of protection
 o - a +1 dagger of holy wrath
 y - a +4 short sword of speed
 B - a +1 vampiric dagger
Missiles
 g - 50 stones
 k - 20 sling bullets
 n - 44 bolts
 s - 47 poisoned darts (quivered)
 t - 42 arrows
 x - a boomerang
Armour
 c - a +0 buckler (worn)
 m - a +0 cloak (worn)
 w - a +0 chain mail (worn)
Jewellery
 p - a ring of fire
Scrolls
 b - a scroll of acquirement {unknown}
 d - a scroll of enchant armour {unknown}
 e - a scroll of immolation {unknown}
 r - a scroll of summoning {unknown}
 u - a scroll of brand weapon
 v - a scroll of fear {unknown}
 z - a scroll of magic mapping {unknown}
Potions
 h - a potion of curing
 i - a potion of mutation {unknown}
 j - 2 potions of brilliance
 l - a potion of haste
 q - 2 potions of heal wounds {unknown}
 A - a potion of invisibility {unknown}


   Skills:
 * Level 5.5 Fighting
 * Level 4.9 Axes
 + Level 1.6 Throwing
 * Level 5.0 Armour
 + Level 1.5 Dodging
 * Level 4.7 Shields
 * Level 4.0 Invocations
 + Level 2.0 Evocations


You had 6 spell levels left.
You didn't know any spells.
Your spell library contained the following spells:

 Spells                   Type           Power      Damage    Failure   Level
 Static Discharge         Conj/Air       0%         N/A       99%         2
 Dispel Undead            Necr           0%         3d6       100%        4
 Sticky Flame             Conj/Fire      0%         2d3       100%        4
 Borgnjor's Revivificati  Necr           0%         N/A       100%        8
 Necromutation            Tmut/Necr      0%         N/A       100%        8
 Death's Door             Necr           0%         N/A       100%        9


Dungeon Overview and Level Annotations

Branches:
Dungeon (4/15)              Sewer (visited)
 Temple: D:4-7

Altars:
Qazlal

Annotations:
D:1 Sigmund


Message History

You slash the kobold!
You kill the kobold!
Things that are here:
a +0 short sword; a kobold corpse You now have 226 gold pieces (gained 15).
Things that are here:
a +0 short sword; a kobold corpse A hound skeleton comes into view.
You see here a +1 vampiric dagger.
B - a +1 vampiric dagger The hound skeleton bites you but does no damage.
You slash the hound skeleton!
The hound skeleton is severely damaged.
Your +0 spectral war axe hits the hound skeleton!!
You destroy the hound skeleton!
Things that are here:
a +0 short sword; a kobold corpse An ogre comes into view.
It is wielding a +0 giant club.
The ogre shouts!
You hear a shout!
The goblin shouts!
The goblin shoots a stone.
The stone hits you but does no damage.
You see here 15 gold pieces.
You block the ogre's attack.
The goblin zaps a wand.
The bolt of acid hits you!! The acid corrodes you!
You see here 15 gold pieces.
The goblin zaps a wand.
The bolt of acid hits you!!
* * * LOW HITPOINT WARNING * * *
The ogre barely misses you.
You are no longer corroded.
Things that are here:
a +0 short sword; a kobold corpse Throw: 48 darts (poison)
Press: ? - help, Q - select action, (/) - cycle Shift-Dir - straight line, f - ogre
Aim: an ogre, wielding a +0 giant club (73% to hit)
You throw a poisoned dart. The poisoned dart hits the ogre.
The ogre is poisoned.
The goblin shoots a stone.
The stone barely misses you. The ogre hits you but does no damage.
The goblin zaps a wand.
The bolt of acid hits you!!
You die...

##.## #(# #)# #.# #.#
##g### #....#### ###
###.#.O...####.###
#..#####@........####
##.## ####.........#####
#..# #..............
##.### ##..............
#...####...#..##.......
##..........#...##......
#...........##..........
##.......#...........#...
#.......###.......#####..


You could see an ogre (poisoned) and a goblin.

Vanquished Creatures
  A black bear (D:4)
  6 kobold brigands (Sewer)
  A hound (D:4)
  Jessica (D:3)
  An iguana (D:4)
  Terence (D:2)
  A hound skeleton (D:4)
  4 adders
  A river rat (Sewer)
  2 worms
  2 dart slugs
  5 orcs (D:3)
  13 endoplasms
  4 giant cockroaches
  9 goblins
  3 hobgoblins
  2 quokkas (D:1)
  13 ball pythons
  5 bats
  3 frilled lizards
  12 kobolds
  19 rats
109 creatures vanquished.

Vanquished Creatures (others)
  2 withered plants (D:1)
2 creatures vanquished.

Grand Total: 111 creatures vanquished

Notes
Turn   | Place    | Note
-------+----------+-------------------------------------------
     0 | D:1      | patchburns1 the Hill Orc Fighter began the quest for the
                  | Orb.
     0 | D:1      | Reached XP level 1. HP: 19/19 MP: 1/1
   283 | D:1      | Reached XP level 2. HP: 27/27 MP: 2/2
   431 | D:1      | Found a faded altar of an unknown god.
   509 | D:1      | Reached XP level 3. HP: 33/33 MP: 3/3
   544 | D:1      | Reached skill level 1 in Invocations
   912 | D:2      | Noticed Sigmund
  1194 | D:2      | Noticed Terence
  1215 | D:2      | Killed Terence
  1216 | D:2      | Reached XP level 4. HP: 22/40 MP: 3/5
  2603 | D:3      | Noticed Jessica
  2618 | D:3      | Reached XP level 5. HP: 33/47 MP: 6/6
  2620 | D:3      | Killed Jessica
  2621 | D:3      | Reached skill level 1 in Evocations
  2739 | D:3      | Found a stormy altar of Qazlal.
  2934 | D:4      | Noticed a black bear
  2934 | D:4      | Found a glowing drain.
  3058 | D:4      | Reached skill level 1 in Dodging
  3075 | D:4      | Killed a black bear
  3076 | D:4      | Reached skill level 1 in Throwing
  3076 | D:4      | Reached XP level 6. HP: 21/55 MP: 6/8
  3086 | Sewer    | Entered a sewer
  3718 | Sewer    | Reached skill level 5 in Fighting
  4017 | Sewer    | Reached XP level 7. HP: 54/61 MP: 9/9
  4689 | D:4      | Reached skill level 5 in Armour
  4842 | D:4      | Killed from afar by a goblin

Illustrated notes

Levels and vault maps discovered:
D:1:      evilmike_arrival_fibonacci_small, layout_loops_ring,
          ebering_ecumenical_altar_petrified
D:2:      layout_rooms, uniq_terence, uniq_sigmund
D:3:      layout_basic, nicolae_qazlal_general_emergency, uniq_jessica
D:4:      minmay_evil_eye, layout_layer_cave, minmay_temple_entry_poolview,
          portal_sewer_entry_a, kennysheep_small_spiral

Skill      XL: |  1  2  3  4  5  6  7 |
---------------+----------------------+-----
Axes           | 3 4 |  4.9
Invocations    | 1 2 3 4 |  4.0
Fighting       | 4 5 |  5.5
Armour         | 4 5 |  5.0
Evocations     | 1 2 |  2.0
Dodging        | 1 |  1.5
Throwing       | 1 |  1.6
Shields        | 4 |  4.7

Action                   |  1- 3 |  4- 6 |  7- 9 || total
-------------------------+-------+-------+-------++-------
Melee: War axe           |    90 |   180 |    41 ||   311
Throw: Stone             |     2 |    14 |       ||    16
       Dart              |       |       |     7 ||     7
  Use: Scroll            |       |     4 |       ||     4
       Potion            |       |     1 |     1 ||     2
Armor: Scale mail        |    41 |    31 |       ||    72
       Chain mail        |       |    44 |    20 ||    64
Dodge: Dodged            |    46 |    89 |    15 ||   150
Block: Buckler           |    16 |    43 |     9 ||    68

Table legend: (Time is in decaauts)
 A = Elapsed time spent in this place.
 B = Non-inter-level travel time spent in this place.
 C = Inter-level travel time spent in this place.
 D = Time resting spent in this place.
 E = Time spent auto-exploring this place.
 F = Levels seen in this place.
 G = Mean time per level.
                   A        B        C        D        E       F      G
               +--------+--------+--------+--------+--------+-----+--------+
         Total |   5155 |   5150 |      5 |   1087 |   2043 |   5 | 1031.0 |
       Dungeon |   3380 |   3375 |      5 |    466 |   1394 |   4 |  845.0 |
         Sewer |   1775 |   1775 |      0 |    621 |    649 |   1 | 1775.0 |
               +--------+--------+--------+--------+--------+-----+--------+

Top non-repeatable levels by time:
   Sewer: 1775 daAuts
     D:2: 1141 daAuts
     D:3: 1068 daAuts
     D:1: 880 daAuts
     D:4: 289 daAuts
